 Dungeon Crawl Stone Soup version 0.20.1-1-g8b1a95d (webtiles) character file.

65 Jukra the Skirmisher (level 3, -1/29 HPs)
             Began as a Demonspawn Abyssal Knight on Aug 14, 2017.
             Was a Follower of Lugonu.
             Killed by nerve-wracking pain
             ... invoked by Jessica
              (14 damage)
             ... on level 2 of the Dungeon.
             The game lasted 00:07:28 (1655 turns).

Jukra the Skirmisher (Demonspawn Abyssal Knight)    Turns: 1655, Time: 00:07:28

Health: -1/29      AC:  8    Str: 13    XL:     3   Next: 94%
Magic:  4/4        EV:  8    Int: 13    God:    Lugonu [*.....]
Gold:   137        SH:  0    Dex: 12    Spells: 2/2 levels left

rFire    . . .     SeeInvis .   a - +1 hand axe
rCold    . . .     Gourm    .   (no shield)
rNeg     . . .     Faith    .   e - +0 chain mail
rPois    +         Spirit   .   (no helmet)
rElec    .         Reflect  .   (no cloak)
rCorr    .         Harm     .   (no gloves)
MR       .....                  (no boots)
Stlth    ..........             (no amulet)
Regen    0.1/turn               d - ring of poison resistance
MPRegen  0.1/turn               (no ring)

@: no status effects
A: claws 1, repulsion field 1
a: Depart the Abyss, Renounce Religion


You were on level 2 of the Dungeon.
You worshipped Lugonu.
Lugonu was aware of your devotion.
You were hungry.

You visited 1 branch of the dungeon, and saw 2 of its levels.
You visited the Abyss 1 time.

You collected 137 gold pieces.

Inventory:

Hand Weapons
 a - a +1 hand axe (weapon)
 g - a +0 glaive
Missiles
 p - 2 tomahawks of dispersal (quivered)
Armour
 b - a +0 leather armour
 e - a +0 chain mail (worn)
 h - a +0 scale mail
 n - a +1 naga barding
 o - a +0 robe
Jewellery
 d - a ring of poison resistance (left claw)
Wands
 j - a wand of lightning (4/15)
Scrolls
 f - a scroll of enchant armour {unknown}
 k - 2 scrolls of identify {unknown}
 l - a scroll of amnesia {unknown}
 m - a scroll of immolation {unknown}
 s - a scroll of enchant weapon {unknown}
 t - a scroll of blinking {unknown}
 u - a scroll of noise {unknown}
 x - a scroll of magic mapping {unknown}
Potions
 i - 2 potions of brilliance {unknown}
 q - 2 potions of might {unknown}
 r - 3 potions of magic {unknown}
 v - a potion of flight {unknown}
Comestibles
 c - 2 bread rations
 w - a royal jelly


   Skills:
 + Level 3.6 Fighting
 + Level 2.2(2.4) Axes
 * Level 1.4(2.1) Polearms
 + Level 2.4 Armour
 + Level 0.8 Dodging
 + Level 2.5 Invocations


You had 2 spell levels left.
You didn't know any spells.

Dungeon Overview and Level Annotations

Branches:
Dungeon (2/15)

Altars:

Annotations:
D:2 Crazy Yiuf, Jessica


Innate Abilities, Weirdness & Mutations

You have sharp fingernails.
You are surrounded by a mild repulsion field. (EV +2)


Message History

You hit the rat.
You kill the rat!
Lugonu accepts your kill.
Found a runed door.
You open the door.
Jessica and Crazy Yiuf come into view.
Crazy Yiuf is wielding a quarterstaff of chaos.
Crazy Yiuf shouts!
Jessica shouts!
Found a mace.
Jessica hits you with a dagger.
There is an open door here.
You hit Jessica but do no damage. You hit Crazy Yiuf but do no damage.
Crazy Yiuf hits you with a quarterstaff of chaos.
Crazy Yiuf burns you. Jessica hits you but does no damage.
You barely miss Jessica. You hit Crazy Yiuf.
Crazy Yiuf hits you with a quarterstaff of chaos!
Crazy Yiuf freezes you. Jessica hits you but does no damage.
Jessica points at you and mumbles some strange words.
Pain shoots through your body!
You die...

. .. .### ..# #
#.# #.##.##♣♣♣♣♣
#........♣.♣♣♣
####
##).....♣..♣#g..#
#....♣.♣♣♣♣.@@..#
#.....♣♣ ♣♣#..)#
#..##♣♣ ####
######.# ....##.#
#.#....#
#...###......
#.### .##... #.#
.# .


You could see Crazy Yiuf and Jessica.

Vanquished Creatures
  Natasha (D:2)
  An ooze (D:1)
  2 dart slugs (D:1)
  3 leopard geckos
  3 goblins
  7 hobgoblins
  2 kobolds (D:1)
  4 bats (D:1)
  3 frilled lizards
  4 rats
30 creatures vanquished.

Notes
Turn   | Place    | Note
-------+----------+-------------------------------------------
     0 | Abyss:1  | Jukra the Demonspawn Abyssal Knight began the quest for the Orb.
     0 | Abyss:1  | Reached XP level 1. HP: 18/18 MP: 2/2
    96 | Abyss:3  | Found a corrupted altar of Lugonu.
   117 | Abyss:3  | Noticed a neqoxec
   121 | Abyss:3  | Noticed a quasit
   145 | Abyss:4  | Noticed an orange demon
   149 | D:1      | Escaped the Abyss
   236 | D:1      | Reached * piety under Lugonu
   581 | D:1      | Gained mutation: You have sharp fingernails. [demonic ancestry]
   581 | D:1      | Reached XP level 2. HP: 24/24 MP: 3/3
   808 | D:1      | Reached skill level 1 in Polearms
   965 | D:1      | Gained mutation: You are surrounded by a mild repulsion field. (EV +2) [demonic ancestry]
   965 | D:1      | Reached XP level 3. HP: 25/29 MP: 4/4
  1367 | D:2      | Noticed Natasha
  1377 | D:2      | Killed Natasha
  1648 | D:2      | Found a runed door.
  1652 | D:2      | Noticed Crazy Yiuf
  1652 | D:2      | Noticed Jessica
  1655 | D:2      | Killed from afar by Jessica

Skill      XL: |  1  2 |
---------------+-------+-----
Axes           | 2 |  2.2
Polearms       | 1 |  1.4
Armour         | 2 |  2.4
Fighting       | |  3.6
Dodging        | |  0.8
Invocations    | |  2.5

Action                   || total
-------------------------++-------
Melee: Glaive            ||    29
       Hand axe          ||    95
Invok: Depart the Abyss  ||     1
  Eat: Chunk             ||     2
Armor: Chain mail        ||    85
Dodge: Dodged            ||    58
